 Dungeon Crawl Stone Soup version 0.26-a0-665-gefeb406119 (webtiles) character file.

Game seed: 18324847932026253913

29 Lavandula the Magician (level 3, -2/24 HPs)
             Began as a Demonspawn Air Elementalist on Oct 15, 2020.
             Slain by Natasha (4 damage)
             ... on level 2 of the Dungeon.
             The game lasted 00:03:12 (1245 turns).

Lavandula the Magician (DsAE)                       Turns: 1245, Time: 00:03:13

Health: -2/24      AC:  4    Str:  8    XL:     3   Next: 1%
Magic:  1/7        EV: 12    Int: 17    God:
Gold:   59         SH:  0    Dex: 13    Spells: 7/8 levels left

rFire    . . .     SeeInvis .   f - +0 dagger
rCold    . . .     Faith    .   (no shield)
rNeg     . . .     Spirit   .   a - +0 robe
rPois    .         Reflect  .   (no helmet)
rElec    .         Harm     .   (no cloak)
rCorr    .         Rampage  .   (no gloves)
MR       .....                  (no boots)
Stlth    ++........             (no amulet)
HPRegen  0.08/turn              (no ring)
MPRegen  0.10/turn              (no ring)

@: slowed, very slow
A: thin metallic scales 1
a: no special abilities


You were on level 2 of the Dungeon.
You visited 1 branch of the dungeon, and saw 3 of its levels.

You collected 59 gold pieces.

Inventory:

Hand Weapons
 f - a +0 dagger (weapon)
Armour
 a - a +0 robe (worn)
Jewellery
 c - an uncursed ring of ice {unknown}
Scrolls
 b - 2 scrolls of teleportation {unknown}
 d - a scroll of remove curse {unknown}
 g - 3 scrolls of identify {unknown}
 h - a scroll of blinking {unknown}


   Skills:
 - Level 1.7 Dodging
 - Level 1.7 Stealth
 + Level 3.3 Spellcasting
 - Level 1.0 Conjurations
 - Level 2.6 Air Magic


You had 7 spell levels left.
You knew the following spells:

 Your Spells              Type           Power        Failure   Level
a - Shock                 Conj/Air       #...         8%          1

Your spell library contained the following spells:

 Spells                   Type           Power        Failure   Level
 Swiftness                Air            ##......     9%          2
 Static Discharge         Conj/Air       #.......     24%         3
 Airstrike                Air            ##........   50%         4
 Lightning Bolt           Conj/Air       #.........   91%         5


Dungeon Overview and Level Annotations

Branches:
Dungeon (3/15)

Altars:

Annotations:
D:2 Natasha


Innate Abilities, Weirdness & Mutations

You are partially covered in thin metallic scales. (AC +2)


Message History

You hit Natasha.
Natasha is almost dead.
Natasha casts a spell at you.
You feel yourself slow down.
Unknown command.
You hit Natasha but do no damage.
Natasha is almost dead.
Natasha barely misses you. Natasha misses you.
Unknown command.
You aren't carrying any potions.
Unknown command.
You closely miss Natasha.
Natasha is almost dead.
Natasha claws you.
* * * LOW HITPOINT WARNING * * *
Unknown command.
You barely miss Natasha.
Natasha is almost dead.
Natasha claws you.
You die...

### ..################
.................# ...
.................# ....
.................# ....
.................# .....
.................####.....
.................h........
...............†@#........
.................#.......<
##...............#.....###
############..###.....#
##.# #?....# #.#########
#..# ###.## #....#


You could see Natasha.

Vanquished Creatures
  An adder (D:3)
  A worm (D:2)
  A dart slug (D:1)
  2 leopard geckos
  A hobgoblin (D:2)
  2 quokkas (D:2)
  A bat (D:3)
  A frilled lizard (D:1)
  2 goblins (D:1)
  A kobold (D:1)
  3 rats
16 creatures vanquished.

Notes
Turn   | Place    | Note
-------+----------+-------------------------------------------
     0 | D:1      | Lavandula the Demonspawn Air Elementalist began the quest
                  | for the Orb.
     0 | D:1      | Reached XP level 1. HP: 13/13 MP: 3/3
   636 | D:1      | Gained mutation: You are partially covered in thin metallic
                  | scales. (AC +2) [demonic ancestry]
   636 | D:1      | Reached XP level 2. HP: 19/19 MP: 3/5
   943 | D:3      | Reached skill level 3 in Spellcasting
  1225 | D:2      | Noticed Natasha
  1228 | D:2      | Reached XP level 3. HP: 19/24 MP: 5/7
  1245 | D:2      | Slain by Natasha

Illustrated notes

Levels and vault maps discovered:
D:1:      wander_arrival_estate, layout_loops_corners, grunt_decor_arrowhead
D:2:      layout_basic, uniq_terence, uniq_natasha
D:3:      layout_loops_cross

Skill      XL: |  1  2 |
---------------+-------+-----
Spellcasting   | 3 |  3.3
Dodging        | |  1.7
Stealth        | |  1.7
Conjurations   | |  1.0
Air Magic      | |  2.6

Action                   || total
-------------------------++-------
Melee: Dagger            ||    28
 Cast: Shock             ||    41
  Use: Potion            ||     1
 Stab: Sleeping          ||     1
Armor: Robe              ||    19
Dodge: Dodged            ||    53

Table legend: (Time is in decaauts)
 A = Elapsed time spent in this place.
 B = Non-inter-level travel time spent in this place.
 C = Inter-level travel time spent in this place.
 D = Time resting spent in this place.
 E = Time spent auto-exploring this place.
 F = Levels seen in this place.
 G = Mean time per level.
                   A        B        C        D        E       F      G
               +--------+--------+--------+--------+--------+-----+--------+
         Total |   1245 |   1245 |      0 |    162 |    829 |   3 |  415.0 |
       Dungeon |   1245 |   1245 |      0 |    162 |    829 |   3 |  415.0 |
               +--------+--------+--------+--------+--------+-----+--------+

Top non-repeatable levels by time:
     D:1: 639 daAuts
     D:2: 443 daAuts
     D:3: 162 daAuts
